 Dungeon Crawl Stone Soup version 0.30-a0-305-g026cb31310 (webtiles) character file.

Game seed: 1100293201466321041

443 funkygono the Firebug (level 7, -4/38 HPs)
             Began as a Gargoyle Fire Elementalist on Oct 23, 2022.
             Was an Initiate of Vehumet.
             Slain by a wraith (6 damage)
             ... in an ossuary.
             The game lasted 00:09:36 (5225 turns).

funkygono the Firebug (Gargoyle Fire Elementalist)  Turns: 5225, Time: 00:09:37

Health: -4/38      AC: 10    Str: 12    XL:     7   Next: 2%
Magic:  3/13       EV: 12    Int: 29    God:    Vehumet [......]
Gold:   152        SH:  0    Dex: 10    Spells: 4/14 levels left

rFire   . . .      SeeInvis .    c - +0 whip
rCold   . . .      Faith    .    (no shield)
rNeg    + . .      Spirit   .    r - +2 robe {Will+}
rPois   ∞          Reflect  .    l - +0 helmet
rElec   +          Harm     .    (no cloak)
rCorr   .          Rampage  .    (no gloves)
Will    +....                    g - +0 pair of boots
Stlth   ++........               (no amulet)
HPRegen 0.26/turn                n - +6 ring of intelligence
MPRegen 0.13/turn                o - +6 ring of intelligence

@: slowed, very slow
A: sickness immunity, AC +4, negative energy resistance 1, electricity
resistance, torment resistance 1, petrification resistance
a: Renounce Religion


You were in an ossuary.
You worshipped Vehumet.
Vehumet was noncommittal.
You visited 1 branch of the dungeon, and saw 5 of its levels.
You also visited: Ossuary.

You collected 152 gold pieces.

Inventory:

Hand Weapons
 c - a +0 whip (weapon)
Armour
 g - a +0 pair of boots (worn)
 l - a +0 helmet (worn)
 r - a +2 robe of willpower (worn)
Jewellery
 n - a +6 ring of intelligence (left hand)
 o - a +6 ring of intelligence (right hand)
Wands
 b - a wand of roots (11)
 j - a wand of paralysis (6)
 k - a wand of mindburst (39)
 u - a wand of flame (6)
Scrolls
 a - 2 scrolls of vulnerability {unknown}
 s - a scroll of teleportation
 t - a scroll of identify
 v - a scroll of poison
Potions
 d - 2 potions of lignification
 e - 4 potions of curing
 f - 4 potions of flight
 h - a potion of resistance {unknown}
 i - 3 potions of heal wounds
 m - 2 potions of magic
 p - 2 potions of might {unknown}
 q - a potion of attraction {unknown}


   Skills:
 + Level 1.1 Fighting
 + Level 0.7 Maces & Flails
 + Level 2.0 Dodging
 - Level 2.1 Stealth
 + Level 4.4 Spellcasting
 + Level 2.8 Conjurations
 + Level 5.1 Fire Magic


You had 4 spell levels left.
You knew the following spells:

 Your Spells              Type           Power      Damage    Failure   Level
a - Foxfire               Conj/Fire      100%       2x1d9     1%          1
b - Scorch                Fire           72%        2d8       1%          2
c - Kindle Blastsparks    Fire/Tloc/Air  32%        2d12      10%         3
d - Flame Wave            Conj/Fire      29%        2d9       13%         4

Your spell library contained the following spells:

 Spells                   Type           Power      Damage    Failure   Level
 Necrotise                Necr           24%        1d5       7%          1
 Inner Flame              Hex/Fire       21%        N/A       7%          3
 Gell's Gravitas          Tloc           6%         N/A       21%         3
 Lesser Beckoning         Tloc           12%        N/A       21%         3
 Teleport Other           Tloc           6%         N/A       21%         3
 Vampiric Draining        Necr           6%         2d6       21%         3
 Agony                    Necr           6%         N/A       88%         5


Dungeon Overview and Level Annotations

Branches:
Dungeon (5/15)            Ossuary (1/1)
 Temple: D:4-7

Altars:
Fedhas
Okawaru
Ru
Trog
Vehumet
Wu Jian
Zin


Innate Abilities, Weirdness & Mutations

You are immune to sickness and miasma.
Your stone body is resilient. (AC +4)
You are immune to poison.
You resist negative energy. (rN+)
You are resistant to electric shocks. (rElec)
You are resistant to unholy torment.
You are immune to petrification.


Message History

The wraith is moderately damaged.
The foxfire hits the wraith but does no damage.
The wraith is moderately damaged.
The foxfire hits the wraith.
The wraith is heavily damaged.
The wraith barely misses you.
Casting: Scorch (safe; 1% risk of failure)
Confirm with . or Enter, or press ? or * to list all spells.
You conjure some foxfire!
The wraith misses you. The wraith hits you! The wraith drains your vigour!
You feel as though you will be slow longer.
Casting: Foxfire (safe; 1% risk of failure)
Confirm with . or Enter, or press ? or * to list all spells.
Flames lash the wraith.
The wraith is burned terribly!
The wraith is severely damaged.
The foxfire hits the wraith.
The wraith is almost destroyed.
The foxfire hits the wraith.
The wraith is almost destroyed.
The wraith hits you! The wraith drains your vigour!
You feel as though you will be slow longer.
Casting: Scorch (safe; 1% risk of failure)
Confirm with . or Enter, or press ? or * to list all spells.
You conjure some foxfire!
The wraith misses you. The wraith hits you!
* * * LOW HITPOINT WARNING * * *
The wraith drains your vigour!
You feel as though you will be slow longer.
Casting: Foxfire (safe; 1% risk of failure)
Confirm with . or Enter, or press ? or * to list all spells.
Okay, then.
The foxfire hits the wraith.
The wraith is almost destroyed.
The foxfire hits the wraith but does no damage.
The wraith is almost destroyed.
The wraith hits you.
* * * LOW HITPOINT WARNING * * *
Casting: Foxfire (safe; 1% risk of failure)
Confirm with . or Enter, or press ? or * to list all spells.
You conjure some foxfire!
The wraith closely misses you. The wraith hits you.
You die...

###########
#@v........
#vW##.###.#
#.#.#.#z .# #
#.###.###.###.#
#.............#
#.............#
#.###.....###
#.#z#.....# #
#.###.....###.#


You could see a wraith (combustible, ally target).

Vanquished Creatures
  A necrophage (D:4)
  3 iguanas
  Ijyb (D:3)
  3 orc wizards (D:4)
  Robin (D:3)
  2 gnolls (D:4)
  5 adders
  An adder zombie (Ossuary)
  2 worms (D:2)
  A dart slug (D:1)
  10 orcs
  3 ball pythons
  6 endoplasms
  6 giant cockroaches
  16 goblins
  7 hobgoblins
  2 jackals (D:4)
  3 kobolds
  5 quokkas (D:4)
  5 bats
  14 frilled lizards
  A hobgoblin zombie (Ossuary)
  4 kobold zombies (Ossuary)
  An orc skeleton (Ossuary)
  3 orc zombies (Ossuary)
  4 rats
110 creatures vanquished.

Vanquished Creatures (collateral kills)
  3 foxfires (D:4)
3 creatures vanquished.

Vanquished Creatures (others)
  263 foxfires
  50 plants (D:4)
313 creatures vanquished.

Grand Total: 426 creatures vanquished

Notes
Turn   | Place    | Note
-------+----------+-------------------------------------------
     0 | D:1      | funkygono the Gargoyle Fire Elementalist began the quest
                  | for the Orb.
     0 | D:1      | Reached XP level 1. HP: 10/10 MP: 3/3
   140 | D:1      | Found a faded altar of an unknown god.
   260 | D:1      | Reached XP level 2. HP: 15/15 MP: 3/5
   263 | D:1      | Learned a level 2 spell: Scorch
  1135 | D:2      | Reached XP level 3. HP: 19/19 MP: 2/6
  1216 | D:2      | Learned a level 3 spell: Kindle Blastsparks
  1601 | D:2      | Reached XP level 4. HP: 23/24 MP: 5/8
  1822 | D:2      | Found a sacrificial altar of Ru.
  2157 | D:3      | Reached skill level 4 in Fire Magic
  2349 | D:3      | Reached XP level 5. HP: 28/28 MP: 5/9
  2355 | D:3      | Noticed Ijyb
  2369 | D:3      | Killed Ijyb
  2434 | D:3      | Noticed Robin
  2477 | D:3      | Killed Robin
  3283 | D:3      | Learned a level 4 spell: Flame Wave
  3351 | D:4      | Reached skill level 1 in Fighting
  3351 | D:4      | Reached XP level 6. HP: 34/34 MP: 2/11
  3925 | D:4      | Reached skill level 5 in Fire Magic
  4213 | D:4      | Found an ornate altar of the Wu Jian Council.
  4570 | D:4      | Found a blossoming altar of Fedhas.
  4669 | D:4      | Reached XP level 7. HP: 38/38 MP: 9/13
  4721 | D:4      | Found an iron altar of Okawaru.
  4722 | D:4      | Found a glowing silver altar of Zin.
  4725 | D:4      | Found a radiant altar of Vehumet.
  4726 | D:4      | Found a bloodstained altar of Trog.
  4728 | D:4      | Became a worshipper of Vehumet
  4835 | D:5      | Entered Level 5 of the Dungeon
  4986 | D:5      | Found a sand-covered staircase.
  4994 | Ossuary  | Entered an ossuary
  5173 | Ossuary  | Noticed a wraith
  5173 | Ossuary  | Noticed a flying skull
  5184 | Ossuary  | Noticed a flying skull
  5207 | Ossuary  | Noticed a flying skull
  5216 | Ossuary  | Noticed a wraith
  5225 | Ossuary  | Slain by a wraith

Illustrated notes

Levels and vault maps discovered:
D:1:      dpeg_arrival_more_subterranean_lakeside_camping, layout_basic,
          hellmonk_ecumenical_altar_run_dry
D:2:      layout_rooms, basic_altar, minmay_lizard_pond
D:3:      layout_basic, minmay_surrounded, uniq_ijyb, uniq_robin
D:4:      wad_woods_tower, layout_loops_ring, fedhas_altar_2, minitemple,
          nicolae_wu_jian_wuxing_cycle
D:5:      wander_guarded_unrand_ratskin, layout_loops_ring, enter_ossuary_4,
          nicolae_sextant, minmay_mini_ossuary
Ossuary:  ossuary_due_cavern

Skill      XL: |  1  2  3  4  5  6 |
---------------+-------------------+-----
Spellcasting   | 3 4 |  4.4
Fire Magic     | 4 5 |  5.1
Conjurations   | 2 |  2.8
Fighting       | 1 |  1.1
Dodging        | 2 |  2.0
Maces & Flails | |  0.7
Stealth        | |  2.1

Action                   |  1- 3 |  4- 6 |  7- 9 || total
-------------------------+-------+-------+-------++-------
Melee: Whip              |     2 |    43 |    30 ||    75
       Punch             |       |     1 |     1 ||     2
 Cast: Foxfire           |    48 |    98 |    13 ||   159
       Scorch            |     3 |    34 |     5 ||    42
  Use: Scroll            |       |     4 |     4 ||     8
       Potion            |       |     1 |       ||     1
Armor: Robe              |     1 |    35 |    12 ||    48
Dodge: Dodged            |     5 |    53 |    15 ||    73

Table legend: (Time is in decaauts)
 A = Elapsed time spent in this place.
 B = Non-inter-level travel time spent in this place.
 C = Inter-level travel time spent in this place.
 D = Time resting spent in this place.
 E = Time spent auto-exploring this place.
 F = Levels seen in this place.
 G = Mean time per level.
                   A        B        C        D        E       F      G
               +--------+--------+--------+--------+--------+-----+--------+
         Total |   5234 |   5119 |    115 |    562 |   3598 |   6 |  872.3 |
       Dungeon |   4999 |   4884 |    115 |    516 |   3532 |   5 |  999.8 |
       Ossuary |    235 |    235 |      0 |     46 |     66 |   1 |  235.0 |
               +--------+--------+--------+--------+--------+-----+--------+

Top non-repeatable levels by time:
     D:3: 1459 daAuts
     D:4: 1251 daAuts
     D:1: 1123 daAuts
     D:2: 1006 daAuts
 Ossuary: 235 daAuts
     D:5: 158 daAuts
